PA
GALESBURG GUZZLERS @ PUT-IN-BAY BC
06/03/2021
 
TOP OF THE 1ST
Galesburg Guzzlers batting - Pitching for Put-In-Bay BC : RHP Alfredo Hernández
Pitching: RHP Alfredo Hernández
Batting: LHB Carroll Martin 0-0: Foul Ball, location: 2F
0-1: DOUBLE (Line Drive, 5D)
Batting: RHB Mark Vidal 0-0: Swinging Strike
0-1: Called Strike
0-2: Ball
1-2: SINGLE (Groundball, 4M)
Carroll Martin to third
Runner from 3rd tries for Home, SAFE, throw made home
Mark Vidal to second
Batting: SHB Thomas Sherman 0-0: Ball
1-0: Ball
2-0: Swinging Strike
2-1: SINGLE (Line Drive, 8RS)
Mark Vidal to third
Batting: LHB Chris Etheridge 0-0: Ball
1-0: Foul Ball, location: 2F
1-1: Ball
2-1: Ball
3-1: Fly out, F9 (Flyball, 89M)
Runner from 3rd tags up, SCORES, no throw
Batting: RHB Ken Dillon 0-0: Called Strike
0-1: Called Strike
0-2: Foul Ball, location: 2F
0-2: Strikes out looking
Batting: RHB Ralph Gilbert 0-0: Ball
1-0: Ball
2-0: Ball
3-0: Called Strike
3-1: Ground out 5-3 (Groundball, 56S)
Top of the 1st over - 2 run(s), 3 hit(s), 0 error(s), 1 left on base; Galesburg 2 - Put-In-Bay 0
BOTTOM OF THE 1ST
Put-In-Bay BC batting - Pitching for Galesburg Guzzlers : RHP Victor de Meij
Pitching: RHP Victor de Meij
Batting: RHB Tim Burnett 0-0: Ball
1-0: Ground out 6-3 (Groundball, 6)
Batting: RHB Alfredo Martínez 0-0: Called Strike
0-1: Ball
1-1: Swinging Strike
1-2: Ball
2-2: Strikes out looking
Batting: RHB Pil-joong Pak 0-0: Ball
1-0: Ground out 1-3 (Groundball, 23)
Bottom of the 1st over - 0 run(s), 0 hit(s), 0 error(s), 0 left on base; Galesburg 2 - Put-In-Bay 0
TOP OF THE 2ND
Galesburg Guzzlers batting - Pitching for Put-In-Bay BC : RHP Alfredo Hernández
Batting: RHB Sean Godron 0-0: Ball
1-0: Ball
2-0: Ball
3-0: Foul Ball, location: 2F
3-1: Foul Ball, location: 2F
3-2: Foul Ball, location: 2F
3-2: Foul Ball, location: 2F
3-2: SINGLE (Groundball, 23) (infield hit)
Batting: LHB Martín Cruz 0-0: TRIPLE (Line Drive, 9LS)
Sean Godron scores
Batting: LHB Jerome Perry 0-0: Swinging Strike
0-1: Called Strike
0-2: Ball
1-2: Foul Ball, location: 2F
1-2: Strikes out swinging
Batting: LHB Carroll Martin 0-0: Swinging Strike
0-1: Fly out, F4 (Popup, 34)
Batting: RHB Mark Vidal 0-0: Fly out, F7 (Flyball, 78S)
Top of the 2nd over - 1 run(s), 2 hit(s), 0 error(s), 1 left on base; Galesburg 3 - Put-In-Bay 0
BOTTOM OF THE 2ND
Put-In-Bay BC batting - Pitching for Galesburg Guzzlers : RHP Victor de Meij
Batting: RHB Quincy van Enk 0-0: Ball
1-0: Ball
2-0: Swinging Strike
2-1: Swinging Strike
2-2: Strikes out swinging
Batting: RHB Ron Johnston 0-0: Ball
1-0: Called Strike
1-1: Swinging Strike
1-2: Ball
2-2: Strikes out looking
Batting: LHB Felipe Martínez 0-0: Foul Ball, location: 2F
0-1: DOUBLE (Flyball, 89XD)
Batting: SHB Dylan Carson 0-0: Ball
1-0: Ground out 4-3 (Groundball, 4M)
Bottom of the 2nd over - 0 run(s), 1 hit(s), 0 error(s), 1 left on base; Galesburg 3 - Put-In-Bay 0
TOP OF THE 3RD
Galesburg Guzzlers batting - Pitching for Put-In-Bay BC : RHP Alfredo Hernández
Batting: SHB Thomas Sherman 0-0: Ball
1-0: Called Strike
1-1: Ball
2-1: Ball
3-1: Base on Balls
Batting: LHB Chris Etheridge 0-0: Fielders Choice at 2nd, 4-6 (Groundball, 4)
Batting: RHB Ken Dillon 0-0: Ball
1-0: Ball
2-0: Ball
3-0: Called Strike
3-1: SINGLE (Line Drive, 78M)
Chris Etheridge to second
Batting: RHB Ralph Gilbert 0-0: Called Strike
0-1: Ball
1-1: SINGLE (Flyball, 9LS)
Chris Etheridge to third
Ken Dillon to second
Batting: RHB Sean Godron 0-0: Ball
1-0: Ground out 4-3 (Groundball, 4M)
Chris Etheridge scores
Ken Dillon to third
Ralph Gilbert to second
Batting: LHB Martín Cruz 0-0: Ball
1-0: Ball
Wild Pitch!
Ken Dillon scores
Ralph Gilbert to third
2-0: SINGLE (Flyball, 7S)
Ralph Gilbert scores
Batting: LHB Jerome Perry 0-0: Ball
1-0: Swinging Strike
1-1: Fly out, F8 (Flyball, 8LD)
Top of the 3rd over - 3 run(s), 3 hit(s), 0 error(s), 1 left on base; Galesburg 6 - Put-In-Bay 0
BOTTOM OF THE 3RD
Put-In-Bay BC batting - Pitching for Galesburg Guzzlers : RHP Victor de Meij
Batting: RHB Félix De La Hoya 0-0: Foul Ball, location: 2F
0-1: SOLO HOME RUN (Flyball, 7D), Distance : 365 ft
Batting: RHB Ed Adams 0-0: Called Strike
0-1: Called Strike
0-2: Foul Ball, location: 2F
0-2: Ball
1-2: Strikes out swinging
Batting: RHB Tim Burnett 0-0: Foul Ball, location: 2F
0-1: Ball
1-1: Ball
2-1: Ball
3-1: Base on Balls
Batting: RHB Alfredo Martínez 0-0: Ball
1-0: Ball
2-0: Foul Ball, location: 2F
2-1: Foul Ball, location: 2F
2-2: Foul Ball, location: 2F
2-2: Strikes out swinging
Batting: RHB Pil-joong Pak 0-0: Ball
Tim Burnett steals 2nd base
1-0: Called Strike
1-1: Fly out, F9 (Flyball, 9LM)
Bottom of the 3rd over - 1 run(s), 1 hit(s), 0 error(s), 1 left on base; Galesburg 6 - Put-In-Bay 1
TOP OF THE 4TH
Galesburg Guzzlers batting - Pitching for Put-In-Bay BC : RHP Alfredo Hernández
Batting: LHB Carroll Martin 0-0: Ball
1-0: Ball
2-0: Swinging Strike
2-1: Foul Ball, location: 2F
2-2: Strikes out swinging
Batting: RHB Mark Vidal 0-0: Ball
1-0: Fly out, F8 (Flyball, 8LM)
Batting: SHB Thomas Sherman 0-0: Ball
1-0: Ball
2-0: Ball
3-0: Called Strike
3-1: Called Strike
3-2: Base on Balls
Batting: LHB Chris Etheridge 0-0: Ball
1-0: Fly out, F8 (Flyball, 8LM)
Top of the 4th over - 0 run(s), 0 hit(s), 0 error(s), 1 left on base; Galesburg 6 - Put-In-Bay 1
BOTTOM OF THE 4TH
Put-In-Bay BC batting - Pitching for Galesburg Guzzlers : RHP Victor de Meij
Batting: RHB Quincy van Enk 0-0: Ball
1-0: Foul Ball, location: 2F
1-1: Ball
2-1: SINGLE (Groundball, 4M)
Batting: RHB Ron Johnston 0-0: Ball
1-0: Called Strike
1-1: Swinging Strike
1-2: SINGLE (Groundball, 56)
Quincy van Enk to second
Batting: LHB Felipe Martínez 0-0: Foul Ball, location: 2F
0-1: Fly out, F7 (Flyball, 7S)
Batting: SHB Dylan Carson 0-0: Called Strike
0-1: Ball
1-1: Foul Ball, location: 2F
1-2: Strikes out looking
Batting: RHB Félix De La Hoya 0-0: Called Strike
0-1: Fielders Choice at 2nd, 6-4 (Groundball, 6)
Bottom of the 4th over - 0 run(s), 2 hit(s), 0 error(s), 1 left on base; Galesburg 6 - Put-In-Bay 1
TOP OF THE 5TH
Galesburg Guzzlers batting - Pitching for Put-In-Bay BC : RHP Alfredo Hernández
Batting: RHB Ken Dillon 0-0: Ball
1-0: Ball
2-0: Ball
3-0: Called Strike
3-1: Called Strike
3-2: Ground out 5-3 (Groundball, 5S)
Batting: RHB Ralph Gilbert 0-0: Ball
1-0: Ball
2-0: Ground out 6-3 (Groundball, 6MS)
Batting: RHB Sean Godron 0-0: Ball
1-0: Fly out, F4 (Popup, 34D)
Top of the 5th over - 0 run(s), 0 hit(s), 0 error(s), 0 left on base; Galesburg 6 - Put-In-Bay 1
BOTTOM OF THE 5TH
Put-In-Bay BC batting - Pitching for Galesburg Guzzlers : RHP Victor de Meij
Batting: RHB Ed Adams 0-0: Swinging Strike
0-1: Foul Ball, location: 2F
0-2: Foul Ball, location: 2F
0-2: Foul Ball, location: 2F
0-2: Ball
1-2: Ball
2-2: SINGLE (Line Drive, 9S)
Batting: RHB Tim Burnett 0-0: Called Strike
0-1: Foul Ball, location: 2F
0-2: Foul Ball, location: 2F
0-2: Ball
Ed Adams is caught stealing 2nd base
1-2: Ball
2-2: Strikes out swinging
Batting: RHB Alfredo Martínez 0-0: Called Strike
0-1: Foul Ball, location: 2F
0-2: Ball
1-2: Ball
2-2: Ball
3-2: Ground out 6-3 (Groundball, 6M)
Bottom of the 5th over - 0 run(s), 1 hit(s), 0 error(s), 0 left on base; Galesburg 6 - Put-In-Bay 1
TOP OF THE 6TH
Galesburg Guzzlers batting - Pitching for Put-In-Bay BC : RHP Alfredo Hernández
Pitching: RHP Héctor Beltrán
Batting: LHB Martín Cruz 0-0: Called Strike
0-1: Foul Ball, location: 2F
0-2: Strikes out looking
Batting: LHB Jerome Perry 0-0: Ball
1-0: Ground out 4-3 (Groundball, 34)
Batting: LHB Carroll Martin 0-0: Called Strike
0-1: Foul Ball, location: 2F
0-2: Ball
1-2: Ball
2-2: Ball
3-2: SINGLE (Groundball, 34S)
Batting: RHB Mark Vidal 0-0: Ball
1-0: Called Strike
1-1: Ball
2-1: TRIPLE (Line Drive, 9LM)
Carroll Martin scores
Batting: SHB Thomas Sherman 0-0: Ball
1-0: Foul Ball, location: 2F
1-1: Fly out, F5 (Popup, 5SF)
Top of the 6th over - 1 run(s), 2 hit(s), 0 error(s), 1 left on base; Galesburg 7 - Put-In-Bay 1
BOTTOM OF THE 6TH
Put-In-Bay BC batting - Pitching for Galesburg Guzzlers : RHP Victor de Meij
Batting: RHB Pil-joong Pak 0-0: Ball
1-0: Ball
2-0: Ball
3-0: Base on Balls
Batting: RHB Quincy van Enk 0-0: Ball
1-0: Fly out, F7 (Line Drive, 7M)
Batting: RHB Ron Johnston 0-0: Swinging Strike
0-1: Ball
1-1: Foul Ball, location: 2F
1-2: SINGLE (Line Drive, 34D)
Pil-joong Pak to second
Batting: LHB Felipe Martínez 0-0: Ball
1-0: Called Strike
1-1: Called Strike
1-2: Strikes out swinging
Batting: SHB Dylan Carson 0-0: Called Strike
0-1: Foul Ball, location: 2F
0-2: Ground out 4-3 (Groundball, 34)
Bottom of the 6th over - 0 run(s), 1 hit(s), 0 error(s), 2 left on base; Galesburg 7 - Put-In-Bay 1
TOP OF THE 7TH
Galesburg Guzzlers batting - Pitching for Put-In-Bay BC : RHP Héctor Beltrán
Batting: LHB Chris Etheridge 0-0: Called Strike
0-1: Ball
1-1: Foul Ball, location: 2F
1-2: Strikes out swinging
Batting: RHB Ken Dillon 0-0: Foul Ball, location: 2F
0-1: Foul Ball, location: 2F
0-2: Foul Ball, location: 2F
0-2: Foul Ball, location: 2F
0-2: Ball
1-2: Ball
2-2: Strikes out swinging
Batting: RHB Ralph Gilbert 0-0: Called Strike
0-1: Foul Ball, location: 2F
0-2: Ball
1-2: SINGLE (Groundball, 56D)
Batting: RHB Sean Godron 0-0: Foul Ball, location: 2F
0-1: Reached on error, E5 (Groundball, 5S)
Ralph Gilbert to second
Batting: LHB Martín Cruz 0-0: Ball
1-0: SINGLE (Line Drive, 34)
Ralph Gilbert to third
Sean Godron to second
Runner from 3rd tries for Home, SAFE, throw made home
Batting: LHB Jerome Perry 0-0: Ball
1-0: Fly out, F7 (Flyball, 7LM)
Top of the 7th over - 1 run(s), 2 hit(s), 1 error(s), 2 left on base; Galesburg 8 - Put-In-Bay 1
BOTTOM OF THE 7TH
Put-In-Bay BC batting - Pitching for Galesburg Guzzlers : RHP Victor de Meij
Batting: RHB Félix De La Hoya 0-0: Called Strike
0-1: SINGLE (Line Drive, 7LM)
Batting: RHB Ed Adams 0-0: Foul Ball, location: 2F
0-1: Called Strike
0-2: Ball
1-2: Fly out, F9 (Flyball, 89M)
Batting: RHB Tim Burnett 0-0: Ball
1-0: Called Strike
1-1: Ball
2-1: Foul Ball, location: 2F
2-2: Fly out, F8 (Flyball, 8LM)
Pitching: LHP Alberto Sánchez
Batting: RHB Alfredo Martínez 0-0: Called Strike
0-1: SINGLE (Flyball, 9LM)
Félix De La Hoya to second
Runner from 2nd tries for 3rd, SAFE, no throw or cutoff
Batting: RHB Pil-joong Pak 0-0: Ball
1-0: SINGLE (Groundball, 56D)
Félix De La Hoya scores
Alfredo Martínez to second
Batting: RHB Quincy van Enk 0-0: Called Strike
0-1: Ball
1-1: Called Strike
1-2: Foul Ball, location: 2F
1-2: Ball
2-2: SINGLE (Line Drive, 6D)
Alfredo Martínez to third
Pil-joong Pak to second
Runner from 3rd tries for Home, SAFE, no throw or cutoff
Batting: RHB Ron Johnston 0-0: Ball
1-0: Called Strike
1-1: Called Strike
1-2: Foul Ball, location: 2F
1-2: Ball
2-2: Fly out, F8 (Flyball, 8RM)
Bottom of the 7th over - 2 run(s), 4 hit(s), 0 error(s), 2 left on base; Galesburg 8 - Put-In-Bay 3
TOP OF THE 8TH
Galesburg Guzzlers batting - Pitching for Put-In-Bay BC : RHP Héctor Beltrán
Batting: LHB Carroll Martin 0-0: Ball
1-0: Ball
2-0: Called Strike
2-1: Foul Ball, location: 2F
2-2: Foul Ball, location: 2F
2-2: Foul Ball, location: 2F
2-2: Foul Ball, location: 2F
2-2: Ball
3-2: Base on Balls
Batting: RHB Mark Vidal 0-0: Bunted foul
0-1: Ball
1-1: Sac Bunt - play at first, batter OUT! 5-4
Carroll Martin to second
Batting: SHB Thomas Sherman 0-0: Ball
1-0: Ball
2-0: Foul Ball, location: 2F
2-1: Foul Ball, location: 2F
2-2: Foul Ball, location: 2F
2-2: Strikes out looking
Pitching: LHP Juan García
Batting: LHB Chris Etheridge 0-0: SINGLE (Line Drive, 4M)
Carroll Martin to third
Batting: RHB Ken Dillon 0-0: Foul Ball, location: 2F
0-1: Hit by Pitch
Chris Etheridge to second
Batting: RHB Ralph Gilbert 0-0: Ball
1-0: Foul Ball, location: 2F
1-1: Called Strike
1-2: Fly out, F8 (Flyball, 8RM)
Top of the 8th over - 0 run(s), 1 hit(s), 0 error(s), 3 left on base; Galesburg 8 - Put-In-Bay 3
BOTTOM OF THE 8TH
Put-In-Bay BC batting - Pitching for Galesburg Guzzlers : LHP Alberto Sánchez
Batting: LHB Felipe Martínez 0-0: Ball
1-0: Ball
2-0: DOUBLE (Line Drive, 9LM)
Batting: SHB Dylan Carson 0-0: Called Strike
0-1: Ball
1-1: Ball
2-1: SINGLE (Groundball, 4MD)
Felipe Martínez to third
Batting: RHB Félix De La Hoya 0-0: Ball
1-0: Ball
2-0: Fly out, F7 (Flyball, 7M)
Runner from 3rd tags up, SCORES, throw made
Batting: RHB Ed Adams 0-0: Ball
1-0: Swinging Strike
1-1: SINGLE (Groundball, 6M)
Dylan Carson to second
Pitching: LHP Jim Unknown
Batting: RHB Tim Burnett 0-0: Ball
1-0: Ball
2-0: Called Strike
2-1: Fly out, F7 (Line Drive, 78M)
Batting: RHB Alfredo Martínez 0-0: Ball
1-0: Foul Ball, location: 2F
1-1: Ball
2-1: Swinging Strike
2-2: Fly out, F7 (Flyball, 7M)
Bottom of the 8th over - 1 run(s), 3 hit(s), 0 error(s), 2 left on base; Galesburg 8 - Put-In-Bay 4
TOP OF THE 9TH
Galesburg Guzzlers batting - Pitching for Put-In-Bay BC : LHP Juan García
Batting: RHB Sean Godron 0-0: Ball
1-0: Ball
2-0: Ground out 6-3 (Groundball, 6M)
Batting: LHB Martín Cruz 0-0: Fly out, F8 (Flyball, 8LM)
Batting: LHB Jerome Perry 0-0: Called Strike
0-1: Ball
1-1: Foul Ball, location: 2F
1-2: Fly out, F5 (Popup, 56)
Top of the 9th over - 0 run(s), 0 hit(s), 0 error(s), 0 left on base; Galesburg 8 - Put-In-Bay 4
BOTTOM OF THE 9TH
Put-In-Bay BC batting - Pitching for Galesburg Guzzlers : LHP Jim Unknown
Batting: RHB Pil-joong Pak 0-0: Ball
1-0: Called Strike
1-1: Ball
2-1: Foul Ball, location: 2F
2-2: Ball
3-2: Strikes out looking
Batting: RHB Quincy van Enk 0-0: Ball
1-0: Ball
2-0: Ball
3-0: Called Strike
3-1: Base on Balls
Batting: RHB Ron Johnston 0-0: Foul Ball, location: 2F
0-1: Ball
1-1: Grounds into double play, 4-6-3 (Groundball, 4)
Bottom of the 9th over - 0 run(s), 0 hit(s), 0 error(s), 0 left on base; Galesburg 8 - Put-In-Bay 4
This league is powered by Out of the Park Baseball, the baseball management simulation game for PC, Mac and Linux
Friday, January 22nd, 2016 - OOTP Baseball 16.9 Build 39